 Dungeon Crawl Stone Soup version 0.20.1-1-g8b1a95d (webtiles) character file.

2849 vineage the Carver (level 9, 0/102 HPs)
             Began as a Demonspawn Gladiator on Sept 24, 2017.
             Was a Priest of Okawaru.
             Succumbed to an orc wizard's poison
             ... on level 7 of the Dungeon.
             The game lasted 00:12:16 (6399 turns).

vineage the Carver (Demonspawn Gladiator)           Turns: 6399, Time: 00:12:17

Health: 0/102      AC: 24    Str: 16 (17) XL:     9   Next: 46%
Magic:  9/9        EV:  2    Int:  8 (10) God:    Okawaru [***...]
Gold:   351        SH:  9    Dex: 12 (15) Spells: 8/8 levels left

rFire    + . .     SeeInvis .   a - +1 long sword
rCold    . . .     Gourm    .   x - +2 shield
rNeg     + + +     Faith    .   (armour currently unavailable)
rPois    +         Spirit   .   (helmet currently unavailable)
rElec    .         Reflect  .   (cloak currently unavailable)
rCorr    .         Harm     +   (gloves currently unavailable)
MR       +....     Clarity  +   (boots currently unavailable) Stlth ++++......NoTele +
                                z - amulet of harm
Regen    0.3/turn               j - ring of protection from magic
MPRegen  0.2/turn               H - ring of protection from fire

@: lethally poisoned (0 -> -26), tree-form, starving
A: blurry vision 1, clarity, mutation resistance 1, nightstalker 2, powered by
pain 1
a: Heroism, Renounce Religion


You were on level 7 of the Dungeon.
You worshipped Okawaru.
Okawaru was most pleased with you.
You were starving.
You were a tree.
You visited 1 branch of the dungeon, and saw 9 of its levels.

You collected 351 gold pieces.

Inventory:

Hand Weapons
 a - a +1 long sword (weapon)
 F - a +1 great sword of flaming
 I - the +4 rapier of Division {holy, rC+ MP-9 SInv, unknown}
   (You found it on level 7 of the Dungeon)

   It has been blessed by the Shining One to cause great damage to the undead
   and demons.
   It protects you from cold.
   It affects your magic capacity (-9).
   It lets you see invisible.
Missiles
 d - 3 throwing nets (quivered)
Armour
 b - a +0 leather armour
 c - a +0 helmet (melded)
 g - a +0 pair of gloves (melded)
 l - a +1 cloak (melded)
 x - a +2 shield (worn)
 y - a +0 chain mail (melded)
 B - a -1 pair of gloves
 E - a +1 pair of boots (melded)
Jewellery
 j - a ring of protection from magic (left branch)
 z - an amulet of harm (around neck)
 A - an uncursed ring of fire
 H - a ring of protection from fire (right branch)
Wands
 e - a wand of flame (33/48)
 v - a wand of disintegration (14/24)
 C - a wand of scattershot (4/9)
Scrolls
 h - 5 scrolls of teleportation
 m - a scroll of recharging
 o - a scroll of enchant weapon
 p - 2 scrolls of magic mapping
 t - 2 scrolls of blinking
Potions
 i - 3 potions of haste
 q - a potion of flight
 u - a potion of berserk rage
 w - a potion of brilliance
 D - 2 potions of resistance
Books
 s - a book of Conjurations

   Spells                             Type                      Level
   a - Magic Dart                     Conjuration                  1
   b - Searing Ray                    Conjuration                  2
   c - Dazzling Spray                 Conjuration/Hexes            3
   d - Fulminant Prism                Conjuration/Hexes            4
   e - Force Lance                    Conjuration/Translocation    4
   f - Iskenderun's Mystic Blast      Conjuration                  4
 L - a book of Changes

   Spells                             Type                      Level
   a - Beastly Appendage              Transmutation                1
   b - Sticks to Snakes               Transmutation                2
   c - Spider Form                    Transmutation/Poison         3
   d - Ice Form                       Ice/Transmutation            4
   e - Blade Hands                    Transmutation                5
Comestibles
 f - 5 bread rations
 k - 3 royal jellies
 n - 4 meat rations


   Skills:
 + Level 5.5 Fighting
 + Level 8.9 Long Blades
 + Level 1.7 Throwing
 + Level 5.2 Armour
 + Level 4.3 Dodging
 + Level 2.8 Stealth
 + Level 0.1 Shields
 + Level 0.6 Invocations


You had 8 spell levels left.
You didn't know any spells.

Dungeon Overview and Level Annotations

Branches:
Dungeon (9/15)             Temple (0/1) D:6
   Lair: D:8-11         Orc: D:9-12

Altars:
Ashenzari
Cheibriados
Fedhas
Nemelex Xobeh
Okawaru
Qazlal
Ru
Sif Muna
Xom
Zin

Shops:
D:6 :


Innate Abilities, Weirdness & Mutations

((You are mostly covered in thin metallic scales. (AC +3)))
You are significantly more attuned to the shadows.
You sometimes gain a little power by taking damage.
Scrolls take you a little longer to read.
You possess an exceptional clarity of mind.
You are somewhat resistant to further mutation.


Message History

You feel weakened.
You feel dopey.
You feel clumsy.
* * * LOW HITPOINT WARNING * * *
You feel very sick.
It was a potion of cancellation.
You feel magically purged.
* * * LOW HITPOINT WARNING * * *
You feel very sick.
You turn into a tree.
Your +1 cloak melds into your body.
Your +0 helmet melds into your body.
Your +0 pair of gloves melds into your body.
Your +1 pair of boots melds into your body.
Your +0 chain mail melds into your body.
Your roots penetrate the ground.
* * * LOW HITPOINT WARNING * * *
You feel very sick.
There is a lethal amount of poison in your body!
There is a lethal amount of poison in your body!
You are starving!
* * * LOW HITPOINT WARNING * * *
You feel very sick.
You die...

#.........#
##.######## #.# #.#
####### #.# #......
#.###.#####
#########.....#
#####)[.<.........#
###
#....)♣.......).(.#
#..
#...#######.###.#.#
#.# #.. #.# #.#.#
#.# #.
#.###.#.###.# #
#............ #..
#######.########.#
...
#............<##.#
#.#
#.#####.#####.##.#
#.#
#.#...............


There were no monsters in sight!

Vanquished Creatures
  A hornet (D:7)
  Sigmund (D:5)
  A hungry ghost (D:8)
  2 orc warriors
  2 ice beasts (D:5)
  4 ogres
  A phantom (D:6)
  2 centaurs
  A gnoll sergeant (D:8)
  A bullfrog (D:7)
  A wyvern zombie (D:6)
  A wyvern skeleton (D:7)
  A howler monkey (D:4)
  A crimson imp (D:5)
  2 quasits
  2 orc priests
  A jelly (D:5)
  2 centaur skeletons
  A bullfrog skeleton (D:6)
  13 orc wizards
  Jessica (D:2)
  An iguana (D:4)
  6 worker ants
  A hound skeleton (D:4)
  A howler monkey zombie (D:7)
  4 gnolls (D:8)
  10 adders
  A shadow imp (D:3)
  An ooze (D:2)
  An adder zombie (D:6)
  5 worms
  3 dart slugs
  5 leopard geckos
  27 orcs
  6 bats
  4 giant cockroaches
  8 goblins
  4 hobgoblins
  8 jackals
  5 quokkas
  A ball python (D:6)
  A ball python skeleton (D:4)
  7 frilled lizards
  7 kobolds
  A leopard gecko zombie (D:7)
  6 rats
166 creatures vanquished.

Notes
Turn   | Place    | Note
-------+----------+-------------------------------------------
     0 | D:1      | vineage the Demonspawn Gladiator began the quest for the Orb.
     0 | D:1      | Reached XP level 1. HP: 16/16 MP: 1/1
    77 | D:1      | Reached skill level 3 in Long Blades
   111 | D:1      | Gained mutation: You sometimes gain a little power by taking damage. [demonic ancestry]
   111 | D:1      | Reached XP level 2. HP: 21/22 MP: 2/2
   691 | D:2      | Noticed Jessica
   692 | D:2      | Gained mutation: You are partially covered in thin metallic scales. (AC +2) [demonic ancestry]
   692 | D:2      | Reached XP level 3. HP: 27/27 MP: 3/3
   758 | D:2      | Killed Jessica
   862 | D:2      | Gained mutation: Your spells are a little harder to cast, but a little more powerful. [potion of mutation]
   862 | D:2      | Gained mutation: You have large cloven feet. [potion of mutation]
   863 | D:2      | Lost mutation: You have large cloven feet. [potion of mutation]
   863 | D:2      | Lost mutation: Your spells are a little harder to cast, but a little more powerful. [potion of mutation]
   863 | D:2      | Gained mutation: You possess an exceptional clarity of mind. [potion of mutation]
   863 | D:2      | Gained mutation: Scrolls take you a little longer to read. [potion of mutation]
   863 | D:2      | Gained mutation: You are somewhat resistant to further mutation. [potion of mutation]
   937 | D:2      | Gained mutation: You are slightly more attuned to the shadows. [demonic ancestry]
   937 | D:2      | Reached XP level 4. HP: 26/33 MP: 4/4
  1056 | D:2      | Found a sparkling altar of Nemelex Xobeh.
  1118 | D:2      | Reached skill level 4 in Long Blades
  1443 | D:3      | Found a snail-covered altar of Cheibriados.
  1575 | D:3      | Reached skill level 1 in Armour
  1575 | D:3      | Reached skill level 1 in Stealth
  1576 | D:3      | Gained mutation: You are significantly more attuned to the shadows. [demonic ancestry]
  1576 | D:3      | Reached XP level 5. HP: 37/39 MP: 5/5
  1828 | D:3      | Found a stormy altar of Qazlal.
  1829 | D:3      | Found a glowing silver altar of Zin.
  2156 | D:4      | Found a blossoming altar of Fedhas.
  2156 | D:4      | Found an iron altar of Okawaru.
  2266 | D:4      | Found a shimmering altar of Xom.
  2267 | D:4      | Found a shattered altar of Ashenzari.
  2394 | D:4      | Reached XP level 6. HP: 24/46 MP: 6/6
  2850 | D:5      | Entered Level 5 of the Dungeon
  2931 | D:5      | Noticed Sigmund
  2946 | D:5      | Killed Sigmund
  2946 | D:5      | Reached skill level 5 in Long Blades
  2976 | D:5      | Reached XP level 7. HP: 21/52 MP: 7/7
  3183 | D:4      | Became a worshipper of Warmaster Okawaru
  3499 | D:5      | Reached skill level 6 in Long Blades
  3695 | D:5      | Found a sacrificial altar of Ru.
  3916 | D:6      | Reached XP level 8. HP: 58/60 MP: 8/8
  3936 | D:6      | Reached * piety under Okawaru
  4119 | D:6      | Reached skill level 7 in Long Blades
  4160 | D:6      | Found a staircase to the Ecumenical Temple.
  4259 | D:6      | Found a deep blue altar of Sif Muna.
  4868 | D:6      | Found Hideng's Book Shoppe.
  5301 | D:7      | Noticed a hornet
  5303 | D:7      | Reached skill level 8 in Long Blades
  5304 | D:7      | Paralysed by a hornet for 2 turns
  5324 | D:7      | Reached ** piety under Okawaru
  5336 | D:7      | Killed a hornet
  5336 | D:7      | Reached skill level 5 in Fighting
  5336 | D:7      | Gained mutation: You are mostly covered in thin metallic scales. (AC +3) [demonic ancestry]
  5336 | D:7      | Reached XP level 9. HP: 28/68 MP: 9/9
  5689 | D:7      | Reached skill level 5 in Armour
  5881 | D:7      | Got a fine rapier
  6058 | D:7      | You fall through a shaft for 2 floors!
  6275 | D:8      | Identified a scroll of acquirement
  6320 | D:8      | Reached *** piety under Okawaru
  6397 | D:7      | HP: 4/102 [poisoned by an orc wizard]
  6398 | D:7      | HP: 1/102 [poisoned by an orc wizard]
  6399 | D:7      | Succumbed to an orc wizard's poison

Skill      XL: |  1  2  3  4  5  6  7  8  9 |
---------------+----------------------------+-----
Long Blades    | 3 4 5 6 8 |  8.9
Dodging        | 3 4 |  4.3
Armour         | 1 2 3 4 5 |  5.2
Stealth        | 1 2 |  2.8
Fighting       | 3 5 |  5.5
Throwing       | |  1.7
Shields        | |  0.1
Invocations    | |  0.6

Action                   |  1- 3 |  4- 6 |  7- 9 || total
-------------------------+-------+-------+-------++-------
Melee: Long sword        |    92 |   171 |   487 ||   750
Invok: Heroism           |       |       |     2 ||     2
  Use: Potion            |     3 |     2 |     8 ||    13
       Scroll            |     2 |     9 |     7 ||    18
 Stab: Sleeping          |       |     9 |     1 ||    10
       Distracted        |       |     1 |     1 ||     2
  Eat: Chunk             |       |     6 |     9 ||    15
       Royal jelly       |       |       |     1 ||     1
       Fruit             |       |       |     2 ||     2
Armor: Leather armour    |    38 |    39 |       ||    77
       Chain mail        |       |    40 |   332 ||   372
       Skin              |       |       |    25 ||    25
Dodge: Dodged            |    81 |   104 |   219 ||   404
Block: Shield            |       |       |    17 ||    17
       Rpst.: Long sword |    29 |    28 |    69 ||   126
